AoeStats
← elefantenlümmel

Arena

508952046Analyzed
1v1 RM · 8d ago on Sep 24, 2026· 36m 11s· 2 players
Game mode
Random Map
Map size
Tiny (2 player)
Population
200
Speed
Normal
Resources
Standard
Victory
Conquest
Starting age
Dark Age
Ending age
Imperial Age
RankedLock teamsTeams togetherTeam positionsShared explorationLock speedFull tech treeHidden civsTurbo modeCheats
Victory
Defeat
🇹🇷 Varangians · Türkiye
1312
+17
🇨🇭 Cumans · Switzerland
1326
-17
Raskolnikov
10:05 Feudal Age
14:01 Castle Age
12:22 Double-Bit Axe
15:20 Loom
21:22 Town Watch
24:55 Scale Mail Armor
25:37 Squires
26:31 Wheelbarrow
26:26 Forging
29:50 Iron Casting
33:13 Horse Collar
34:11 Chain Mail Armor
elefantenlümmel
9:08 Feudal Age
9:57 Double-Bit Axe
10:08 Horse Collar
19:19 Castle Age
17:13 Loom
18:42 Stone Mining
31:38 Imperial Age
30:23 Fletching
Connection lost

Rejoining the realm…

Still unreachable

The connection could not be restored.

Session expired

The server has moved on; the page needs a fresh start.